 Dungeon Crawl Stone Soup version 0.30.0 (webtiles) character file.

Game seed: 8576120450071483252

67 cheesebisquit the Ruffian (level 4, -1/40 HPs)
             Began as a Ghoul Monk on May 6, 2023.
             Slain by a goblin
             ... wielding a +0 dagger
             ... led by Robin
              (3 damage)
             ... on level 2 of the Dungeon.
             The game lasted 00:04:54 (1334 turns).

cheesebisquit the Ruffian (Ghoul Monk)              Turns: 1334, Time: 00:04:54

Health: -1/40      AC:  5    Str: 16    XL:     4   Next: 16%
Magic:  3/3        EV: 10    Int:  5    God:
Gold:   59         SH:  3    Dex: 11    Spells: 3/3 levels left

rFire   . .          .
                       - Unarmed
rCold   + . .        f - +0 buckler
rNeg    + + +        c - +0 ring mail
rPois   ∞            (no helmet)
rElec   .            (no cloak)
rCorr   .            (no gloves)
SInv    .            (no boots)
Will    .....        (no amulet)
Stlth   +            (no ring)
HPRegen 0.00/turn    (no ring)
MPRegen 0.08/turn

%: no passive effects
@: flying, inhibited regen
A: claws 1, cold resistance 1, negative energy resistance 3, inhibited
regeneration, torment resistance 2, devour on kill
a: no special abilities


You were on level 2 of the Dungeon.
You visited 1 branch of the dungeon, and saw 2 of its levels.

You collected 108 gold pieces.
You spent 49 gold pieces at shops.

Inventory:

Armour
 c - a +0 ring mail (worn)
 f - a +0 buckler (worn)
Scrolls
 a - a scroll of brand weapon {unknown}
 h - a scroll of poison {unknown}
 i - a scroll of teleportation {unknown}
Potions
 g - a potion of mutation {unknown}


   Skills:
 + Level 3.8 Fighting
 - Level 2.6 Dodging
 + Level 1.9 Stealth
 + Level 0.6 Shields
 * Level 4.4 Unarmed Combat


You had 3 spell levels left.
You didn't know any spells.
Your spell library contained the following spells:

 Spells                   Type           Power      Damage    Failure   Level
 Freeze                   Ice            0%         1d3       80%         1
 Frozen Ramparts          Ice            0%         1d1       99%         3
 Hailstorm                Conj/Ice       0%         3d3       99%         3
 Portal Projectile        Hex/Tloc       0%         N/A       99%         3
 Tukima's Dance           Hex            0%         N/A       99%         3
 Blade Hands              Tmut           Unusable   N/A       N/A         5

Dungeon Overview and Level Annotations

Branches:
Dungeon (2/15)

Altars:

Shops:
D:1 *

Annotations:
D:2 1 runed translucent door, Crazy Yiuf, Robin


Innate Abilities, Weirdness & Mutations

You are immune to poison.
You have sharp fingernails.
Your flesh is cold resistant. (rC+)
You are immune to negative energy. (rN+++)
You do not regenerate when monsters are visible.
You are immune to unholy pain and torment.
You thrive by killing the living.


Message History

You kill the goblin!
You claw the goblin!
You kill the goblin!
You barely miss the goblin. The goblin hits you but does no damage.
Robin hits you but does no damage.
You scratch the goblin.
You kill the goblin!
Robin hits you from afar with a +0 trident!
You closely miss the goblin. The goblin hits you with a +0 club.
* * * LOW HITPOINT WARNING * * *
Robin hits you from afar with a +0 trident.
* * * LOW HITPOINT WARNING * * *
You claw the goblin!
You kill the goblin!
You feel better. Robin throws the goblin at you!
* * * LOW HITPOINT WARNING * * *
You miss the goblin.
Robin hits you from afar with a +0 trident.
* * * LOW HITPOINT WARNING * * *
The goblin barely misses you.
You barely miss the goblin. Robin closely misses you.
The goblin hits you but does no damage.
You closely miss the goblin. You block Robin's attack.
The goblin hits you but does no damage.
You miss the goblin. The goblin hits you with a +0 dagger.
* * * LOW HITPOINT WARNING * * *
You block Robin's attack.
You barely miss the goblin.
Robin hits you from afar with a +0 trident.
* * * LOW HITPOINT WARNING * * *
The goblin barely misses you.
It was a potion of cancellation.
You feel magically purged.
The goblin no longer looks unusually strong.
Robin says, "Duck!"
Robin misses you. The goblin hits you with a +0 dagger.
* * * LOW HITPOINT WARNING * * *
It was a potion of flight.
You feel very buoyant.
You fly up into the air.
The goblin hits you with a +0 dagger.
You die...

...# .### .. .# .##
.###### ...# ......#
..... ......# #.#...
#####.####### #....
##..........######..#
...##.#####....g@)g.#
#####.# ###########
......# #######


You could see Robin and a goblin.

Vanquished Creatures
  An adder (D:2)
  5 endoplasms
  2 giant cockroaches (D:1)
  12 goblins
  4 hobgoblins
  7 jackals
  7 kobolds
  2 quokkas (D:1)
  2 ball pythons (D:1)
  4 bats
  A frilled lizard (D:1)
  A rat (D:1)
48 creatures vanquished.

Notes
Turn   | Place    | Note
-------+----------+-------------------------------------------
     0 | D:1      | cheesebisquit the Ghoul Monk began the quest for the Orb.
     0 | D:1      | Reached XP level 1. HP: 19/19 MP: 0/0
   194 | D:1      | Reached XP level 2. HP: 26/26 MP: 1/1
   201 | D:1      | Found Ytaon's General Store.
   210 | D:1      | Reached skill level 1 in Stealth
   505 | D:1      | Reached XP level 3. HP: 31/31 MP: 2/2
   525 | D:1      | Reached skill level 4 in Unarmed Combat
   832 | D:1      | Bought a +0 buckler for 49 gold pieces
  1139 | D:2      | Found a runed translucent door.
  1140 | D:2      | Noticed Crazy Yiuf
  1245 | D:2      | Found a faded altar of an unknown god.
  1295 | D:2      | Noticed Robin
  1307 | D:2      | Reached XP level 4. HP: 23/40 MP: 3/3
  1333 | D:2      | HP: 2/40 [goblin/+0 dagger[Robin] (1)]
  1334 | D:2      | Slain by a goblin

Illustrated notes

Levels and vault maps discovered:
D:1:      roderic_crossed_star, layout_loops_corners, serial_shops, shop
D:2:      layout_loops_cross, dreamdust_ecumenical_altar_angels_and_demons,
          serial_shops, shop, dk_vineyard_3, hangedman_decor_points,
          chequers_serial_rivers_micro_d, minmay_tiny_reverse_x,
          uniq_crazy_yiuf_cottage, uniq_robin

Skill      XL: |  1  2  3 |
---------------+----------+-----
Stealth        | 1 |  1.9
Unarmed Combat | 4 |  4.4
Fighting       | |  3.8
Dodging        | |  2.6
Shields        | |  0.6

Action                     |  1- 3 |  4- 6 || total
---------------------------+-------+-------++-------
  Melee: Unarmed           |    95 |    22 ||   117
    Use: Potion            |       |     3 ||     3
 Armour: Leather armour    |    27 |       ||    27
         Ring mail         |    16 |    11 ||    27
  Dodge: Dodged            |    52 |    13 ||    65
  Block: Buckler           |     5 |     3 ||     8
